 Dungeon Crawl Stone Soup version 0.28-a0-1510-gd0f6b136d3 (webtiles) character file.

Game seed: 18438682702819247653

81 psuckher the Ruffian (level 4, -9/35 HPs)
             Began as a Draconian Transmuter on Jan 14, 2022.
             Killed from afar by Ijyb (41 damage)
             ... with a bolt of acid
             ... on level 2 of the Dungeon.
             The game lasted 00:13:53 (1739 turns).

psuckher the Ruffian (Draconian Transmuter)         Turns: 1739, Time: 00:13:54

Health: -9/35      AC:  5    Str: 14    XL:     4   Next: 19%
Magic:  5/7        EV: 12    Int: 14    God:
Gold:   74         SH:  0    Dex: 11    Spells: 4/7 levels left

rFire   + . .      SeeInvis .   e - +7 hand axe of Helus {vamp, *Corrode rF+ rN+}
rCold   . . .      Faith    .   (no shield)
rNeg    + . .      Spirit   .   (armour unavailable)
rPois   .          Reflect  .   (helmet restricted)
rElec   .          Harm     .   (no cloak)
rCorr   .          Rampage  .   (no gloves)
Will    .....                   (no boots)
Stlth   +.........              h - amulet of regeneration
HPRegen 0.91/turn               (no ring)
MPRegen 0.10/turn               (no ring)

@: wereblooded
A: AC +5, unfitting armour, cold-blooded
a: no special abilities


You were on level 2 of the Dungeon.
You visited 1 branch of the dungeon, and saw 2 of its levels.

You collected 97 gold pieces.
You spent 23 gold pieces at shops.

Inventory:

Hand Weapons
 d - a +1 hand axe of flaming
 e - the +7 hand axe of Helus (weapon) {vamp, *Corrode rF+ rN+}
   (You found it on level 2 of the Dungeon)

   It occasionally heals its wielder for a portion of the damage dealt when it
   wounds a living foe.
   rF:        It protects you from fire.
   rN:        It protects you from negative energy.
   *Corrode:  It may corrode you when you take damage.
Armour
 a - a +0 ring mail
Jewellery
 h - an amulet of regeneration (around neck)
Scrolls
 b - a scroll of identify {unknown}
Potions
 c - 2 potions of resistance {unknown}
 g - a potion of haste {unknown}


   Skills:
 - Level 1.1 Fighting
 - Level 1.9 Dodging
 * Level 4.5 Unarmed Combat
 + Level 2.3 Spellcasting
 * Level 2.4 Transmutations


You had 4 spell levels left.
You knew the following spells:

 Your Spells              Type           Power      Damage    Failure   Level
a - Beastly Appendage     Tmut           16%        N/A       9%          1
b - Wereblood             Tmut           8%         N/A       13%         2

Your spell library contained the following spells:

 Spells                   Type           Power      Damage    Failure   Level
 Apportation              Tloc           2%         N/A       22%         1
 Spider Form              Tmut/Pois      5%         N/A       38%         3
 Ice Form                 Ice/Tmut       5%         N/A       80%         4
 Alistair's Intoxication  Tmut/Pois      3%         N/A       98%         5


Dungeon Overview and Level Annotations

Branches:
Dungeon (2/15)

Altars:

Shops:
D:2 *

Annotations:
D:2 Ijyb


Innate Abilities, Weirdness & Mutations

Your plain brown scales are hard. (AC +5)
You cannot fit into any form of body armour.
You are cold-blooded and may be slowed by cold attacks.


Message History

You slash the goblin!
You kill the goblin!
You hit the goblin.
You kill the goblin!
You closely miss the goblin. You slash the goblin!
You kill the goblin!
The goblin hits you with a +0 club. The goblin barely misses you.
The goblin barely misses you. Ijyb closely misses you.
You see here a +0 club.
You aren't carrying any items that you can evoke.
Okay, then.
Casting: Wereblood (safe; 13% risk of failure)
Confirm with . or Enter, or press ? or * to list all spells.
Your blood is infused with primal strength.
Ijyb hits you with a +0 dagger. The goblin closely misses you.
You closely miss the goblin. You hit Ijyb but do no damage. You hit the goblin.
You feel better.
You kill the goblin!
You slash the goblin!
You kill the goblin!
Ijyb hits you with a +0 dagger. The goblin hits you but does no damage.
Ijyb zaps a wand.
The bolt of acid misses you. The goblin hits you but does no damage.
Ijyb hits you with a +0 dagger.
You see here a +0 club.
You slash Ijyb!
You feel better.
Ijyb is heavily wounded.
You slash the goblin!
You kill the goblin!
Ijyb barely misses you.
You hit Ijyb.
Ijyb is heavily wounded.
Ijyb barely misses you.
You slash Ijyb!
Ijyb is almost dead.
Ijyb hits you with a +0 dagger. x2
Ijyb closely misses you.
You see here a +0 club.
Ijyb zaps a wand.
The bolt of acid hits you!!!
Ouch! That really hurt!
You die...

#...###..## #...# #.####
.....##.#.## ##.### #....#
......$..#.###<..#### ####.#
.....##...##........# #.#
.........###........# #†#
###).###.# #........# #.#
.........###8.....8## ##.##
.)......†#.#....)..# ####...####
...........#8.()@)8# #..........
...._###...#...)g..####.##...####
.........#.#8....!8#........#####
.........#.#.......######........
###..###.#.#8.....8# #.#######
.........#.#..:.)..### #.#
.......#.###########.## #.#
....(..#.# ##......###.#
.##....#.# #.#....†....#


You could see Ijyb.

Vanquished Creatures
  3 adders (D:2)
  2 dart slugs (D:1)
  2 giant cockroaches (D:2)
  10 goblins
  5 hobgoblins
  5 kobolds
  2 quokkas (D:2)
  4 ball pythons
  7 bats
  3 frilled lizards (D:2)
  7 rats
50 creatures vanquished.

Notes
Turn   | Place    | Note
-------+----------+-------------------------------------------
     0 | D:1      | psuckher the Draconian Transmuter began the quest for the
                  | Orb.
     0 | D:1      | Reached XP level 1. HP: 16/16 MP: 3/3
   129 | D:1      | Reached XP level 2. HP: 14/23 MP: 5/5
   163 | D:1      | Learned a level 2 spell: Wereblood
   855 | D:2      | Reached XP level 3. HP: 22/28 MP: 6/6
   856 | D:2      | Found a faded altar of an unknown god.
   898 | D:2      | Identified the +7 hand axe of Helus {vamp, *Corrode rF+
                  | rN+}
   916 | D:2      | Found Numiynt's Assorted Antiques.
   921 | D:2      | Reached skill level 4 in Unarmed Combat
   932 | D:2      | Bought a scroll labelled NUIJEM ENLAROI for 23 gold pieces
  1540 | D:2      | Reached XP level 4. HP: 35/35 MP: 7/7
  1727 | D:2      | Noticed Ijyb
  1739 | D:2      | Killed from afar by Ijyb

Illustrated notes

Levels and vault maps discovered:
D:1:      heliophobic_arrival_henge, layout_loops_ring
D:2:      kennysheep_the_goblin_king, layout_loops_ring,
          hellmonk_ecumenical_altar_lost_god, serial_shops,
          nicolae_shop_statue_plus, wander_ebering_terrifying_dragon_lair

Skill      XL: |  1  2  3 |
---------------+----------+-----
Unarmed Combat | 4 |  4.5
Fighting       | |  1.1
Dodging        | |  1.9
Spellcasting   | |  2.3
Transmutations | |  2.4

Action                   |  1- 3 |  4- 6 || total
-------------------------+-------+-------++-------
Melee: Unarmed           |    82 |       ||    82
       Tailslap          |    10 |       ||    10
       Punch             |     2 |       ||     2
       Kick              |     1 |       ||     1
       Headbutt          |     1 |       ||     1
       Hand axe          |    43 |    14 ||    57
 Cast: Wereblood         |     2 |     1 ||     3
       Beastly Appendage |     1 |       ||     1
  Use: Scroll            |       |     1 ||     1
 Stab: Sleeping          |     1 |       ||     1
Armor: Skin              |    45 |     6 ||    51
Dodge: Dodged            |   125 |    15 ||   140

Table legend: (Time is in decaauts)
 A = Elapsed time spent in this place.
 B = Non-inter-level travel time spent in this place.
 C = Inter-level travel time spent in this place.
 D = Time resting spent in this place.
 E = Time spent auto-exploring this place.
 F = Levels seen in this place.
 G = Mean time per level.
                   A        B        C        D        E       F      G
               +--------+--------+--------+--------+--------+-----+--------+
         Total |   1749 |   1402 |    347 |      0 |      0 |   2 |  874.5 |
       Dungeon |   1749 |   1402 |    347 |      0 |      0 |   2 |  874.5 |
               +--------+--------+--------+--------+--------+-----+--------+

Top non-repeatable levels by time:
     D:2: 931 daAuts
     D:1: 817 daAuts
